Map: Bridgehead LE (Void)

Players

Nerchio - Winner!

  • Race: Zerg Zerg
  • League: Diamond

LiveZerg

  • Race: Zerg Zerg
  • League: Master

Event: Lycan League Weekly August #3

VOD

Have the link to the VOD?

Description

Time

  • Played on: Aug. 17, 2015, 12:39 p.m.
  • Length: 9:20

All games in this series

Show
View Real Time Build Order
Export as new Build Order

Nerchio Zerg - Winner!

Build Orders: Pool First 

Get SALT Encoding   

  12  0:01  Drone  
  13  0:12  Overlord  
  13  0:17  Drone  
  14  0:31  Drone x2  
  14  0:34  Drone  
  17  0:44  Spawning Pool  
  17  0:48  Drone  
  17  0:56  Drone  
  18  1:12  Hatchery  
  18  1:15  Drone  
  18  1:18  Extractor  
  17  1:22  Overlord  
  17  1:28  Drone  
  18  1:35  Queen  
  18  1:39  Drone  
  21  1:49  Drone  
  22  2:00  Zergling x2  
  23  2:10  Queen  
  23  2:11  Drone  
  26  2:17  Metabolic Boost  
  26  2:24  Overlord  
  26  2:25  Drone  
  26  2:26  Queen  
  29  2:32  Drone  
  29  2:36  Drone  
  31  2:42  Drone x3  
  34  2:44  Drone  
  34  2:51  Baneling Nest  
  34  2:53  Drone  
  34  2:57  Drone  
  36  2:59  Drone  
  36  3:01  Drone  
  38  3:06  Overlord  
  38  3:14  Zergling x2  
  38  3:15  Zergling x6  
  38  3:17  Zergling x2  
  43  3:21  Overlord  
  43  3:24  Overlord  
  43  3:30  Spine Crawler  
  43  3:31  Drone  
  43  3:34  Baneling x2  
  43  3:36  Drone  
  43  3:37  Drone  
  43  3:38  Drone  
  43  3:40  Drone  
  47  3:42  Drone  
  47  3:47  Evolution Chamber  
  47  3:51  Drone x3  
  47  3:55  Drone x2  
  52  3:56  Drone  
  52  4:00  Drone x2  
  55  4:03  Extractor  
  55  4:07  Overlord  
  54  4:16  Hatchery  
  51  4:20  Zerg Missile Weapons Level 1  
  51  4:22  Lair  
  51  4:24  Drone, Extractor  
  50  4:27  Drone x2  
  50  4:29  Drone  
  54  4:33  Drone x2  
  55  4:39  Roach Warren  
  55  4:40  Zergling x2  
  55  4:41  Zergling x2  
  55  4:42  Zergling x2  
  57  4:46  Baneling x2  
  57  4:50  Extractor  
  56  4:53  Zergling x6  
  59  5:01  Drone x2  
  59  5:02  Drone x5  
  65  5:10  Drone x5  
  65  5:13  Overlord  
  70  5:15  Baneling  
  70  5:16  Baneling x2  
  70  5:18  Overlord  
  70  5:20  Overseer  
  70  5:27  Overlord, Hydralisk Den  
  68  5:42  Zergling x20  
  77  5:46  Queen  
  79  5:54  Hydralisk Den  
  79  5:55  Zergling x10  
  83  6:00  Overlord  
  82  6:05  Baneling x9  
  82  6:07  Overlord  
  82  6:15  Muscular Augments  
  83  6:19  Hydralisk x4  
  88  6:28  Hydralisk x3  
  88  6:30  Hydralisk  
  88  6:32  Spore Crawler  
  86  6:36  Hydralisk x2  
  88  6:41  Spore Crawler  
  88  6:43  Spore Crawler  
  88  6:44  Drone x3  
  89  6:49  Hydralisk  
  89  6:50  Hydralisk  
  93  6:54  Zerg Missile Weapons Level 2  
  93  7:05  Hydralisk x3  
  95  7:08  Drone  
  95  7:09  Drone x4  
  95  7:10  Extractor x2  
  95  7:12  Overlord  
  97  7:16  Overlord  
  97  7:18  Overlord  
  97  7:20  Drone  
  97  7:21  Drone  
  99  7:24  Overlord  
  99  7:29  Infestation Pit  
  98  7:32  Drone x4  
  102  7:38  Spore Crawler  
  102  7:40  Drone x2  
  102  7:41  Spore Crawler  
  102  7:44  Overlord  
  102  7:50  Zergling x2  
  102  7:51  Zergling x10  
  108  7:58  Roach  
  108  7:59  Roach x3  
  108  8:00  Glial Reconstitution  
  108  8:03  Roach  
  118  8:08  Hive  
  118  8:14  Baneling  
  118  8:15  Baneling x3  
  118  8:23  Overlord  
  118  8:25  Roach x4  
  126  8:33  Hydralisk x3  
  126  8:34  Hydralisk x2  
  115  8:40  Hydralisk x3  
  119  8:43  Hydralisk  
  119  8:47  Hydralisk x2  
  111  8:50  Hydralisk  
  111  8:55  Hydralisk x2  
  117  9:19  Spore Crawler  
Show
View Real Time Build Order
Export as new Build Order

LiveZerg Zerg 

Build Orders: Hatch First, Muta Ling Bane 

Get SALT Encoding   

  12  0:01  Drone  
  13  0:13  Overlord  
  13  0:18  Drone  
  14  0:25  Extractor  
  14  0:26  Drone  
  15  0:31  Drone  
  16  0:35  Drone  
  17  0:52  Hatchery  
  17  0:55  Drone  
  17  0:58  Drone  
  18  1:09  Extractor  
  17  1:13  Spawning Pool  
  17  1:16  Drone  
  17  1:19  Drone  
  18  1:29  Drone  
  19  1:40  Overlord  
  19  1:50  Drone  
  20  2:00  Queen  
  20  2:01  Drone  
  23  2:04  Queen  
  23  2:05  Drone  
  26  2:11  Metabolic Boost  
  26  2:12  Drone  
  28  2:15  Drone  
  28  2:25  Overlord  
  28  2:38  Queen  
  28  2:39  Baneling Nest  
  28  2:41  Zergling x2  
  28  2:42  Drone x2  
  32  2:45  Overlord  
  32  2:47  Drone  
  33  2:55  Drone  
  34  3:00  Spine Crawler  
  34  3:01  Zergling x2  
  34  3:06  Drone  
  34  3:09  Drone  
  36  3:14  Drone x2  
  36  3:15  Drone x4  
  36  3:19  Drone x2  
  44  3:25  Zergling x4  
  46  3:30  Lair  
  46  3:34  Extractor  
  46  3:35  Overlord  
  46  3:38  Drone  
  46  3:41  Extractor, Baneling x2  
  46  3:43  Extractor  
  46  3:45  Zergling x6  
  47  3:48  Drone  
  48  3:58  Drone x5  
  48  4:00  Baneling x2  
  53  4:05  Zergling x2  
  53  4:11  Overlord  
  53  4:16  Zergling x4  
  53  4:17  Zergling x4  
  54  4:21  Drone x3  
  58  4:26  Baneling  
  58  4:27  Baneling  
  58  4:30  Overlord  
  58  4:32  Spire  
  58  4:36  Drone x2  
  58  4:48  Zergling x2  
  59  4:53  Zergling x6  
  59  4:55  Hatchery  
  61  5:06  Overlord  
  61  5:14  Overlord, Overseer  
  59  5:16  Overlord  
  59  5:22  Evolution Chamber  
  59  5:24  Drone x3  
  59  5:25  Roach Warren  
  53  5:37  Zergling x4  
  53  5:38  Zergling x10  
  53  5:40  Overlord  
  58  5:43  Mutalisk x2  
  58  5:44  Mutalisk  
  61  5:50  Mutalisk x2  
  61  5:52  Zergling x2  
  66  6:04  Mutalisk x2, Baneling x3  
  66  6:08  Glial Reconstitution  
  70  6:15  Overlord  
  66  6:28  Zergling x8  
  66  6:30  Mutalisk  
  66  6:31  Mutalisk  
  71  6:36  Zergling x6  
  74  6:47  Baneling  
  74  6:48  Zergling x4  
  76  6:55  Overlord  
  76  6:58  Centrifical Hooks  
  76  7:01  Zergling x8  
  76  7:07  Zergling x4  
  77  7:18  Overlord  
  77  7:21  Mutalisk  
  75  7:24  Mutalisk x3  
  75  7:26  Hatchery, Zergling x4  
  82  7:31  Mutalisk  
  82  7:36  Zergling x2  
  85  7:39  Baneling  
  85  7:40  Zergling x2, Baneling x10  
  86  7:49  Zergling x4  
  92  7:58  Zergling x8  
  92  8:01  Zergling x4  
  92  8:04  Zergling x6  
  97  8:06  Zergling x2  
  97  8:07  Baneling  
  97  8:08  Baneling x3  
  97  8:09  Baneling x9  
  97  8:10  Baneling  
  98  8:14  Zergling x4  
  100  8:23  Zergling x4  
  102  8:31  Zergling x6  
  102  8:32  Zergling x2  
  91  8:46  Zergling x12  

Tags
 
Add a new tag
Caveats
  • Supply blocks, unpowered buildings, or Contaminate may cause inaccurate times.
  • Supply counts are checked every 10 seconds.